 Dungeon Crawl Stone Soup version 0.28.0-49-g6dfe1f597d (console) character file.

Game seed: 11026085747461755511

159 Faeu the Skirmisher (level 5, 0/70 HPs)
             Began as a Minotaur Berserker on May 14, 2022.
             Was a Believer of Trog.
             Succumbed to a scorpion's poison
             ... on level 4 of the Dungeon.
             The game lasted 00:02:18 (3364 turns).

Faeu the Skirmisher (Minotaur Berserker)            Turns: 3364, Time: 00:02:19

Health: 0/70       AC:  4    Str: 23    XL:     5   Next: 17%
Magic:  4/4        EV: 12    Int:  4    God:    Trog [**....]
Gold:   116        SH:  0    Dex: 10    Spells: 4/4 levels left

rFire   . . .      SeeInvis .   j - +2 dagger (speed) {short}
rCold   . . .      Faith    .   (no shield)
rNeg    . . .      Spirit   .   g - +1 leather armour {Will+}
rPois   .          Reflect  .   (helmet restricted)
rElec   .          Harm     .   (no cloak)
rCorr   .          Rampage  .   (no gloves)
Will    +....                   (no boots)
Stlth   ..........              (no amulet)
HPRegen 0.21/turn               (no ring)
MPRegen 0.09/turn               (no ring)

@: berserking, lethally poisoned (0 -> -13), very quick
A: horns 2, retaliatory headbutt
a: Renounce Religion, Berserk, Trog's Hand


You were on level 4 of the Dungeon.
You worshipped Trog.
Trog was pleased with you.
You visited 1 branch of the dungeon, and saw 4 of its levels.

You collected 116 gold pieces.


Innate Abilities, Weirdness & Mutations

You have a pair of horns on your head.
You reflexively headbutt those who attack you in melee.


   Skills:
 + Level 4.8 Fighting
 + Level 4.7 Axes
 + Level 3.8 Armour
 + Level 3.4 Dodging


You had 4 spell levels left.
You didn't know any spells.
Your spell library was empty.

Inventory:

Hand Weapons
 a - a +0 hand axe {axe}
 j - a +2 dagger of speed (weapon) {short}
   (You took it off a kobold on level 3 of the Dungeon)
Armour
 b - a +0 animal skin
 g - a +1 leather armour of willpower (worn)
   (You found it on level 3 of the Dungeon)
Scrolls
 d - a scroll of noise {unknown}
 e - a scroll of identify {unknown}
 i - a scroll of vulnerability {unknown}
Potions
 c - 2 potions of degeneration {unknown}
 f - a potion of heal wounds {unknown}
 h - a potion of flight {unknown}
 k - a potion of magic {unknown}

Dungeon Overview and Level Annotations

Branches:
Dungeon (4/15)
 Temple: D:4-7

Altars:

## .#... ..# ...
#.# ... #.# ...
#.# #.# #.# #.#
#######.## #.#
#.....†..# ##'##
#.#####..# ##...##
#.##....@#
#.....###.##.###.#
.......##.##..##.#
........#........#
........'.......##
........####...##
.......## #..##
#.....## #.##
##...## #.# ##+##
#.# #.#


There were no monsters in sight!


Message History

You are more poisoned.
The scorpion poisons you!
A scorpion is nearby!
You are too injured to fight recklessly!
A scorpion is nearby!
You are too injured to fight recklessly!
A scorpion is nearby!
You are too injured to fight recklessly!
A scorpion is nearby!
You are too injured to fight recklessly!
A scorpion is nearby!
You are too injured to fight recklessly!
A scorpion is nearby!
You are too injured to fight recklessly!
A scorpion is nearby!
You are too injured to fight recklessly!
A scorpion is nearby!
You are too injured to fight recklessly!
A scorpion is nearby!
You are too injured to fight recklessly!
A scorpion is nearby!
You are too injured to fight recklessly!
A scorpion is nearby!
You are too injured to fight recklessly!
A scorpion is nearby!
You are too injured to fight recklessly!
A scorpion is nearby!
You are too injured to fight recklessly!
A scorpion is nearby!
You are too injured to fight recklessly!
A scorpion is nearby!
You are too injured to fight recklessly!
A scorpion is nearby!
You are too injured to fight recklessly!
A scorpion is nearby!
You are too injured to fight recklessly!
A scorpion is nearby!
You are too injured to fight recklessly!
A scorpion is nearby!
You are too injured to fight recklessly!
A scorpion is nearby!
You are too injured to fight recklessly!
A scorpion is nearby!
You are too injured to fight recklessly!
A scorpion is nearby!
You are too injured to fight recklessly!
A scorpion is nearby!
You are too injured to fight recklessly!
A scorpion is nearby!
You are too injured to fight recklessly!
A scorpion is nearby!
You barely miss the scorpion.
You headbutt the scorpion, but do no damage.
Your punch misses the scorpion.
You feel very sick. The scorpion stings you.
* * * LOW HITPOINT WARNING * * *
😨 HP[-21]
You take 21 damage, and now have 20/41 hp.
MASSIVE DAMAGE!! (PAUSE)
You feel very sick. 😨 HP[-2]
You take 2 damage, and now have 18/41 hp.
You hit the scorpion. Your headbutt misses the scorpion.
You feel sick. The scorpion stings you.
* * * LOW HITPOINT WARNING * * *
😱 HP[-8]
You take 8 damage, and now have 10/41 hp.
A red film seems to cover your vision as you go berserk!
You feel yourself moving faster!
You feel mighty!
You feel sick. The scorpion stings you!
* * * LOW HITPOINT WARNING * * *
You are more poisoned.
The scorpion poisons you! 😱 HP[-4]
You now have 61 max hp (+20).
You puncture the scorpion! You headbutt the scorpion.
You kill the scorpion!
Trog accepts your kill.
* * * LOW HITPOINT WARNING * * *
You feel sick.
You have reached level 5! 😱 HP[-1] MP[+1]
You now have 70 max hp (+9).
Your mp is fully restored (4).
There is a lethal amount of poison in your body!
There is a lethal amount of poison in your body!
There is a lethal amount of poison in your body!
You are too berserk!
You are too injured to fight recklessly!
Calm down first, please.
You are too injured to fight recklessly!
Calm down first, please.
You are too injured to fight recklessly!
Calm down first, please.
* * * LOW HITPOINT WARNING * * *
You feel very sick. 😱 HP[-3]
You take 3 damage, and now have 2/70 hp.
You feel a strong urge to attack something.
You die...

Skill      XL: |  1  2  3 |
---------------+----------+-----
Fighting       | 4 |  4.8
Axes           | 4 |  4.7
Armour         | 3 |  3.8
Dodging        | 3 |  3.4

Action                   |  1- 3 |  4- 6 || total
-------------------------+-------+-------++-------
Melee: Hand axe          |   101 |    40 ||   141
       Headbutt          |     8 |    10 ||    18
       Punch             |     1 |     1 ||     2
       Dagger            |       |    11 ||    11
Invok: Berserk           |       |     1 ||     1
Armor: Animal skin       |    25 |     3 ||    28
       Leather armour    |       |     1 ||     1
Dodge: Dodged            |    77 |    29 ||   106

Levels and vault maps discovered:
D:1:      minmay_arrival_stone_box, layout_loops_ring,
          hellmonk_ecumenical_altar_leap_of_faith, serial_glass,
          glass_columns_b, glass_columns_b, glass_columns_b, glass_columns_b,
          glass_columns_c, glass_columns_a
D:2:      layout_basic
D:3:      layout_loops_cross, chequers_serial_rivers_large_a
D:4:      layout_loops_corners, minmay_temple_entry_glass,
          kennysheep_generic_room_9, uniq_ijyb

Notes
Turn   | Place    | Note
-------+----------+-------------------------------------------
     0 | D:1      | Faeu the Minotaur Berserker began the quest for the Orb.
     0 | D:1      | Reached XP level 1. HP: 19/19 MP: 0/0
     0 | D:1      | magus.rc [v1.9.6]
     7 | D:1      | Found a faded altar of an unknown god.
   147 | D:1      | Reached XP level 2. HP: 27/27 MP: 1/1
   340 | D:1      | Reached skill level 4 in Fighting
   377 | D:1      | Reached skill level 4 in Axes
   388 | D:1      | Reached skill level 3 in Armour
   388 | D:1      | Reached XP level 3. HP: 23/33 MP: 2/2
   396 | D:1      | Reached ** piety under Trog
  1430 | D:2      | Reached skill level 3 in Dodging
  1625 | D:2      | Reached XP level 4. HP: 38/40 MP: 3/3
  3348 | D:4      | Noticed a scorpion
  3360 | D:4      | HP: 10/41 [scorpion (6)]
  3362 | D:4      | Killed a scorpion
  3362 | D:4      | HP: 4/61 [poisoned by a scorpion]
  3363 | D:4      | Reached XP level 5. HP: 5/47 MP: 4/4
  3364 | D:4      | Succumbed to a scorpion's poison

Vanquished Creatures
  A scorpion (D:4)
  An adder (D:2)
  4 dart slugs
  3 orcs (D:3)
  6 ball pythons
  6 endoplasms
  4 giant cockroaches
  5 hobgoblins
  13 jackals
  3 kobolds
  2 quokkas (D:2)
  4 bats
  2 frilled lizards
  7 goblins
  11 rats
72 creatures vanquished.

Table legend:
 A = Non-vault XP
 B = Vault XP
 C = Vault XP percentage of total XP
 D = Non-vault monster count
 E = Vault monster count
 F = Vault count percentage of total count
                 A         B        C        D         E       F
            +---------+---------+-------+---------+---------+-------
      Total |     228 |       0 |   0.0 |      72 |       0 |   0.0
            +---------+---------+-------+---------+---------+-------
        D:1 |      61 |       0 |   0.0 |      34 |       0 |   0.0
        D:2 |      56 |       0 |   0.0 |      24 |       0 |   0.0
        D:3 |      24 |       0 |   0.0 |      13 |       0 |   0.0
        D:4 |      87 |       0 |   0.0 |       1 |       0 |   0.0
            +---------+---------+-------+---------+---------+-------

Illustrated notes

Table legend:
 A = Kills in this place as a percentage of kills in entire the game.
 B = Kills by you in this place as a percentage of kills by you in the entire game.
 C = Kills by friends in this place as a percentage of kills by friends in the entire game.
 D = Other kills in this place as a percentage of other kills in the entire game.
 E = Experience gained in this place as a percentage of experience gained in the entire game.
 F = Experience gained in this place divided by the number of levels of this place that you have seen.
                   A       B       C       D       E      F
               +-------+-------+-------+-------+-------+----------------------
         Total | 100.0 | 100.0 |   N/A |   N/A | 100.0 |  57.0
       Dungeon | 100.0 | 100.0 |   N/A |   N/A | 100.0 |  57.0
               +-------+-------+-------+-------+-------+----------------------

Table legend: (Time is in decaauts)
 A = Elapsed time spent in this place.
 B = Non-inter-level travel time spent in this place.
 C = Inter-level travel time spent in this place.
 D = Time resting spent in this place.
 E = Time spent auto-exploring this place.
 F = Levels seen in this place.
 G = Mean time per level.
                   A        B        C        D        E       F      G
               +--------+--------+--------+--------+--------+-----+--------+
         Total |   3387 |   3269 |    118 |     12 |   2886 |   4 |  846.8 |
       Dungeon |   3387 |   3269 |    118 |     12 |   2886 |   4 |  846.8 |
               +--------+--------+--------+--------+--------+-----+--------+

Top non-repeatable levels by time:
     D:2: 1524 daAuts
     D:1: 970 daAuts
     D:3: 857 daAuts
     D:4: 35 daAuts
